 Dungeon Crawl Stone Soup version 0.27-a0-836-gfc908b8576 (webtiles) character file.

Game seed: 5108600096337532024

79 polve the Changer (level 4, -1/35 HPs)
             Began as a Draconian Transmuter on Mar 31, 2021.
             Was a Plaything of Xom.
             Slain by a gnoll
             ... wielding a +1 spear of flaming
              (9 damage)
             ... on level 2 of the Dungeon.
             The game lasted 00:02:34 (2540 turns).

polve the Changer (Draconian Transmuter)            Turns: 2540, Time: 00:02:34

Health: -1/35      AC:  5    Str: 13    XL:     4   Next: 17%
Magic:  7/7        EV: 12    Int: 14    God:    Xom [..*...]
Gold:   24         SH:  0    Dex: 11    Spells: 6/7 levels left

rFire    . . .     SeeInvis .   c - +2 rapier (venom)
rCold    . . .     Faith    .   (no shield)
rNeg     . . .     Spirit   .   (armour unavailable)
rPois    .         Reflect  .   (helmet restricted)
rElec    .         Harm     .   (no cloak)
rCorr    .         Rampage  .   (no gloves)
Will     .....                  (no boots)
Stlth    +.........             (no amulet)
HPRegen  0.11/turn              (no ring)
MPRegen  0.10/turn              (no ring)

@: no status effects
A: AC +5, unfitting armour, cold-blooded
a: Renounce Religion


You were on level 2 of the Dungeon.
You worshipped Xom.
You were a toy of Xom.
You visited 1 branch of the dungeon, and saw 2 of its levels.

You collected 24 gold pieces.

Inventory:

Hand Weapons
 c - a +2 rapier of venom (weapon)
Scrolls
 b - a scroll of amnesia {unknown}
 d - a scroll of holy word {unknown}
Potions
 a - a potion of might


   Skills:
 - Level 1.1 Fighting
 - Level 1.7 Dodging
 - Level 3.0 Unarmed Combat
 - Level 2.0 Spellcasting
 + Level 4.5 Transmutations


You had 6 spell levels left.
You knew the following spells:

 Your Spells              Type           Power      Damage    Failure   Level
a - Beastly Appendage     Tmut           28%        N/A       3%          1

Your spell library contained the following spells:

 Spells                   Type           Power      Damage    Failure   Level
 Wereblood                Tmut           14%        N/A       5%          2
 Animate Skeleton         Necr           2%         N/A       24%         1
 Apportation              Tloc           2%         N/A       24%         1
 Corona                   Hex            1%         N/A       24%         1
 Summon Small Mammal      Summ           4%         N/A       24%         1
 Spider Form              Tmut/Pois      3%         N/A       28%         3
 Ice Form                 Ice/Tmut       7%         N/A       67%         4
 Hydra Form               Tmut           7%         N/A       71%         5


Dungeon Overview and Level Annotations

Branches:
Dungeon (2/15)

Altars:
Elyvilon
Ru
Wu Jian
Xom

Shops:
D:1 (


Innate Abilities, Weirdness & Mutations

Your plain brown scales are hard. (AC +5)
You cannot fit into any form of body armour.
You are cold-blooded and may be slowed by cold attacks.


Message History

You feel very sick. The gnoll closely misses you.
You hit the gnoll.
You kill the gnoll!
Your horns disappear.
Your talons disappear.
You feel sick.
You feel sick.
You see here a +2 rapier of venom.
Your +2 rapier of venom begins to drip with poison!
c - a +2 rapier of venom (weapon)
You feel sick.
You feel sick.
You feel sick.
You feel sick.
You feel sick.
You feel sick.
You are no longer poisoned.
There is a faded altar of an unknown god here.
You cannot tell which god this altar belongs to.
Convert to them anyway?
Okay, then.
You cannot tell which god this altar belongs to.
Convert to them anyway?
Xom accepts your prayer! Xom welcomes you!
Xom is very intrigued!
A gnoll is nearby!
The gnoll shouts!
The gnoll throws a poisoned dart.
The poisoned dart closely misses you. The gnoll barely misses you.
You hit the gnoll but do no damage.
The gnoll is poisoned.
You tail-slap the gnoll.
The gnoll is lightly wounded.
The gnoll barely misses you.
The gnoll hits you with a +1 spear of flaming!
* * * LOW HITPOINT WARNING * * *
The gnoll burns you.
* * * LOW HITPOINT WARNING * * *
You barely miss the gnoll.
The gnoll is heavily wounded.
The gnoll hits you with a +1 spear of flaming!
You die...

...## #.##.## ...^###
#.##.# ......# #.#..#
##....# #.#.##########
#..(.#####...#........#
##...........##........#
.'....#####........8...#
##.#.#......##....8_8..#
#.#.#.####.###.@..8..##
##.#...# #.# #.g.....#
......## ##.# #...##.##
......# ##..# #......#
#.###.###..####...####
...##...#.####...##
.#..g.#...# #..###
#####.#..####.## ..#
#.#...##..#


You could see a gnoll (very poisoned).

Vanquished Creatures
  An adder (D:2)
  2 gnolls
  A worm (D:2)
  3 dart slugs
  5 endoplasms
  5 giant cockroaches
  4 goblins
  4 hobgoblins
  2 jackals (D:1)
  A quokka (D:1)
  A ball python (D:2)
  4 bats
  2 frilled lizards (D:1)
  4 rats (D:1)
39 creatures vanquished.

Notes
Turn   | Place    | Note
-------+----------+-------------------------------------------
     0 | D:1      | polve the Draconian Transmuter began the quest for the Orb.
     0 | D:1      | Reached XP level 1. HP: 16/16 MP: 3/3
   286 | D:1      | Reached XP level 2. HP: 14/23 MP: 3/5
   464 | D:1      | Reached skill level 3 in Transmutations
   638 | D:1      | Found Nimn's Weapon Boutique.
   911 | D:1      | Reached XP level 3. HP: 28/28 MP: 4/6
  1433 | D:2      | Found a faded altar of an unknown god.
  1506 | D:2      | Reached skill level 4 in Transmutations
  1816 | D:2      | Found an ornate altar of the Wu Jian Council.
  1817 | D:2      | Found a sacrificial altar of Ru.
  1957 | D:2      | Found a white marble altar of Elyvilon.
  2384 | D:1      | Reached XP level 4. HP: 28/35 MP: 5/7
  2524 | D:2      | Became a worshipper of Xom of Chaos
  2540 | D:2      | Slain by a gnoll

Illustrated notes

Levels and vault maps discovered:
D:1:      tarquinn_simple_flora_water_c, layout_loops_ring, serial_shops, shop,
          minmay_misc_feat_diagonals, bh_walls_and_bars
D:2:      layout_rooms, lemuel_doored_altar, gammafunk_temple_overflow_statue,
          chequers_ecumenical_altar_simple

Skill      XL: |  1  2  3 |
---------------+----------+-----
Transmutations | 3 4 |  4.5
Fighting       | |  1.1
Dodging        | |  1.7
Unarmed Combat | |  3.0
Spellcasting   | |  2.0

Action                   |  1- 3 |  4- 6 || total
-------------------------+-------+-------++-------
Melee: Unarmed           |   109 |     8 ||   117
       Kick              |    17 |     1 ||    18
       Tailslap          |    11 |     1 ||    12
       Headbutt          |     6 |     1 ||     7
       Rapier            |       |     2 ||     2
 Cast: Beastly Appendage |    28 |     1 ||    29
  Use: Potion            |     1 |     2 ||     3
Armor: Skin              |    28 |       ||    28
Dodge: Dodged            |    67 |     7 ||    74

Table legend: (Time is in decaauts)
 A = Elapsed time spent in this place.
 B = Non-inter-level travel time spent in this place.
 C = Inter-level travel time spent in this place.
 D = Time resting spent in this place.
 E = Time spent auto-exploring this place.
 F = Levels seen in this place.
 G = Mean time per level.
                   A        B        C        D        E       F      G
               +--------+--------+--------+--------+--------+-----+--------+
         Total |   2539 |   2421 |    118 |     78 |   1941 |   2 | 1269.5 |
       Dungeon |   2539 |   2421 |    118 |     78 |   1941 |   2 | 1269.5 |
               +--------+--------+--------+--------+--------+-----+--------+

Top non-repeatable levels by time:
     D:1: 1662 daAuts
     D:2: 876 daAuts
